Map: Triton LE

Players

Cham

  • Race: Zerg Zerg
  • League: Master
  • Spawn Location: 11:00

soO - Winner!

  • Race: Zerg Zerg
  • Spawn Location: 5:00

VOD

Have the link to the VOD?

Description

Time

  • Played on: Jan. 7, 2020, 6:34 p.m.
  • Length: 7:06
Show
View Real Time Build Order
Export as new Build Order

Cham Zerg 

Build Orders: Hatch First, Zergling Baneling 

Get SALT Encoding   

  12  0:01  Drone  
  13  0:08  Drone  
  14  0:16  Overlord  
  14  0:34  Drone  
  14  0:35  Drone  
  16  0:47  Hatchery  
  15  0:51  Drone  
  15  0:54  Drone  
  17  0:59  Drone  
  18  1:10  Extractor  
  17  1:13  Spawning Pool  
  17  1:16  Drone  
  17  1:20  Drone  
  18  1:28  Drone  
  19  1:40  Drone  
  20  1:50  Drone  
  21  2:00  Queen x2  
  25  2:02  Zergling x2  
  25  2:03  Overlord  
  26  2:10  Drone  
  27  2:16  Drone  
  27  2:22  Drone  
  29  2:25  Drone  
  30  2:33  Hatchery  
  30  2:34  Metabolic Boost  
  29  2:38  Drone x2  
  29  2:44  Baneling Nest  
  30  2:47  Drone  
  31  2:51  Evolution Chamber  
  31  2:57  Overlord  
  31  2:58  Zergling x2  
  31  3:01  Drone  
  32  3:06  Zergling x4  
  32  3:09  Drone  
  32  3:12  Drone  
  36  3:17  Overlord  
  36  3:18  Drone  
  37  3:21  Zerg Melee Weapons Level 1  
  37  3:27  Drone x2  
  37  3:31  Overlord  
  37  3:32  Drone  
  40  3:38  Queen  
  42  3:45  Drone x3  
  42  3:48  Zergling x4  
  47  3:50  Zergling x2  
  48  3:57  Drone x4  
  48  3:59  Drone  
  48  4:02  Overlord  
  53  4:08  Drone  
  53  4:09  Overlord  
  54  4:16  Zergling x10  
  59  4:21  Zergling x4  
  59  4:22  Zergling x2  
  62  4:26  Baneling x4  
  62  4:27  Baneling x2  
  62  4:32  Zergling x4  
  62  4:35  Extractor  
  62  4:37  Extractor, Roach Warren  
  61  4:40  Zergling x8  
  61  4:45  Baneling x3  
  65  4:47  Overlord  
  60  5:04  Zergling x2  
  60  5:05  Zergling x16  
  63  5:13  Zergling x4  
  60  5:22  Drone x3  
  60  5:23  Drone x3  
  64  5:32  Drone x3  
  64  5:43  Drone x2  
  65  5:52  Roach x2  
  65  5:55  Roach x2  
  65  5:56  Roach x6  
  79  5:58  Roach  
  79  6:01  Roach x2  
  82  6:04  Queen  
  82  6:06  Baneling x2  
  82  6:10  Roach x2  
  88  6:11  Overlord  
  88  6:18  Zergling x4  
  90  6:21  Overlord x2  
  90  6:25  Overlord  
  90  6:29  Queen, Overlord  
  91  6:35  Zergling x4  
  91  6:38  Zergling x2  
  91  6:39  Zergling x10  
  96  6:41  Zergling x2  
  82  6:54  Spore Crawler  
  82  6:55  Spore Crawler x2  
Show
View Real Time Build Order
Export as new Build Order

soO Zerg - Winner!

Build Orders: Hatch First 

Get SALT Encoding   

  12  0:00  Drone  
  13  0:12  Overlord  
  13  0:16  Drone  
  14  0:30  Drone x2  
  16  0:48  Hatchery  
  15  0:51  Drone  
  15  0:55  Drone  
  17  0:57  Drone  
  18  1:08  Extractor  
  17  1:13  Spawning Pool  
  17  1:16  Drone  
  17  1:19  Drone  
  18  1:28  Drone  
  19  1:38  Drone  
  20  1:50  Overlord  
  20  1:59  Queen x2  
  20  2:00  Drone x2  
  26  2:12  Drone x2  
  26  2:14  Metabolic Boost  
  28  2:22  Drone x2  
  30  2:34  Zergling x2, Hatchery  
  31  2:37  Drone  
  31  2:43  Queen  
  33  2:47  Overlord  
  33  2:50  Drone  
  34  2:56  Baneling Nest  
  34  2:58  Drone  
  34  3:02  Drone  
  34  3:05  Zergling x2  
  36  3:07  Drone  
  36  3:08  Drone x2  
  36  3:11  Drone  
  40  3:15  Drone  
  40  3:17  Zergling x2  
  40  3:19  Overlord  
  42  3:26  Drone x2  
  44  3:39  Evolution Chamber  
  44  3:40  Drone x3  
  46  3:43  Drone x4  
  46  3:46  Extractor  
  46  3:47  Lair  
  46  3:48  Drone  
  50  3:51  Drone  
  50  3:52  Drone  
  50  3:53  Drone  
  53  3:58  Drone  
  53  3:59  Drone  
  55  4:03  Extractor  
  55  4:04  Drone  
  55  4:05  Extractor, Overlord  
  55  4:06  Zerg Melee Weapons Level 1  
  54  4:12  Zergling x6, Baneling  
  54  4:14  Drone  
  58  4:20  Overlord  
  58  4:21  Overlord  
  58  4:26  Drone x5  
  58  4:31  Drone x2  
  64  4:32  Baneling  
  64  4:33  Baneling  
  64  4:35  Zergling x2  
  64  4:36  Overlord  
  66  4:40  Baneling  
  66  4:42  Zergling x6  
  68  4:49  Spire  
  67  4:57  Zergling x2  
  67  4:59  Zergling x2  
  64  5:00  Zergling x2  
  64  5:03  Zergling x4  
  64  5:06  Zergling x4  
  61  5:07  Zergling x8  
  61  5:08  Zergling x6  
  61  5:11  Zergling x2  
  65  5:15  Baneling x2  
  65  5:17  Zergling x2  
  65  5:19  Zergling x2  
  65  5:23  Zergling x2  
  65  5:27  Queen  
  63  5:30  Baneling  
  63  5:34  Zergling x8  
  64  5:39  Baneling x2  
  64  5:42  Queen  
  65  5:54  Baneling x2  
  64  6:01  Mutalisk x5  
  72  6:06  Mutalisk, Queen  
  76  6:15  Drone  
  76  6:16  Overlord  
  76  6:18  Drone x2  
  79  6:20  Mutalisk  
  81  6:30  Mutalisk  
  81  6:36  Zergling x6  
  81  6:37  Zergling x4  
  81  6:39  Zergling x2  
  85  6:42  Mutalisk  
Tags
 
Add a new tag
Caveats
  • Supply blocks, unpowered buildings, or Contaminate may cause inaccurate times.
  • Supply counts are checked every 10 seconds.